 Dungeon Sprint DCSS version 0.30-a0-222-ge547ba4400 (webtiles) character file.

Game seed: 4514102738384226971

22360 rocky1 the Bludgeoner (level 12, -18/127 HPs)
             Began as a Minotaur Fighter on Oct 9, 2022.
             Was the Champion of Qazlal.
             Demolished by an iron golem (30 damage)
             ... in the Dungeon (Sprint II: "The Violet Keep of Menkaure").
             The game lasted 00:26:39 (4866 turns).

rocky1 the Bludgeoner (Minotaur Fighter)            Turns: 4866, Time: 00:26:39

Health: -18/127    AC: 23    Str: 38    XL:     12   Next: 62%
Magic:  17/17      EV: 13    Int:  8    God:    Qazlal [******]
Gold:   1497       SH: 15    Dex:  6    Spells: 11/11 levels left

rFire   + . .      SeeInvis .    P - +3 morningstar (vorpal)
rCold   . . .      Faith    .    c - +0 buckler
rNeg    . . .      Spirit   .    K - +4 ring mail of the Realm of Zot {rF+ Regen+ Int+3 Dex-4}
rPois   .          Reflect  .    (helmet restricted)
rElec   .          Harm     .    J - +1 cloak
rCorr   .          Rampage  .    g - +1 pair of gloves {hurl}
Will    .....      NoTele   +    I - +0 pair of boots
Stlth   ..........               b - amulet of the acrobat
HPRegen 1.21/turn                y - +6 ring of strength
MPRegen 0.15/turn                r - +6 ring of strength

@: protected from physical damage, repel missiles, unable to drink
A: horns 2, retaliatory headbutt, deterioration 1, low MP 1, inability to drink
after injury 1
a: Renounce Religion, Upheaval, Elemental Force, Disaster Area


You were in the Dungeon.
You worshipped Qazlal.
Qazlal was exalted by your worship.
You visited 1 branch You collected 5142 gold pieces.
You spent 3645 gold pieces at shops.

Inventory:

Hand Weapons
 P - a +3 vorpal morningstar (weapon)
Missiles
 p - a throwing net (quivered)
 G - 6 poisoned darts
Armour
 c - a +0 buckler (worn)
 g - a +1 pair of gloves of hurling (worn)
 l - +0 fire dragon scales
 I - a +0 pair of boots (worn)
 J - a +1 cloak (worn)
 K - the +4 ring mail of the Realm of Zot (worn) {rF+ Regen+ Int+3 Dex-4}
   (You bought it in a shop in the Dungeon)

   Int:       It affects your intelligence (+3).
   Dex:       It affects your dexterity (-4).
   rF:        It protects you from fire.
   Regen:     It increases your rate of health regeneration.
 N - a +3 plate armour of cold resistance
 O - the +5 ring mail of Absence {Will+}
   (You found it in the Dungeon)

   Will:      It increases your willpower.
Jewellery
 b - an amulet of the acrobat (around neck)
 r - a +6 ring of strength (right hand)
 y - a +6 ring of strength (left hand)
 L - a ring of poison resistance
Wands
 d - a wand of charming (4)
Scrolls
 q - a scroll of magic mapping
 t - 2 scrolls of butterflies
 u - 2 scrolls of amnesia
 x - 2 scrolls of immolation {unknown}
 B - a scroll of vulnerability {unknown}
 E - 3 scrolls of summoning {unknown}
 H - a scroll of silence
 M - 2 scrolls of identify
Potions
 a - a potion of experience {unknown}
 e - 3 potions of invisibility
 f - 2 potions of curing
 h - 4 potions of magic
 i - 4 potions of haste
 j - 2 potions of lignification
 k - 2 potions of might
 n - 8 potions of flight
 o - 2 potions of cancellation {unknown}
 s - 2 potions of berserk rage
 w - 4 potions of heal wounds
 z - 3 potions of brilliance
 A - a potion of ambrosia
 C - 6 potions of resistance
 D - 2 potions of attraction
 F - 2 potions of mutation


   Skills:
 - Level 17.8 Fighting
 - Level 18.2 Maces & Flails
 - Level 17.7 Armour
 - Level 12.6 Dodging
 - Level 17.5 Shields
 + Level 11.4 Invocations


You had 11 spell levels left.
You didn't know any spells.
Your spell library contained the following spells:

 Spells                   Type           Power      Damage    Failure   Level
 Freeze                   Ice            0%         1d3       50%         1
 Kiss of Death            Conj/Necr      0%         2d5       50%         1
 Confusing Touch          Hex            0%         N/A       86%         3
 Frozen Ramparts          Ice            0%         1d1       86%         3
 Hailstorm                Conj/Ice       0%         3d3       86%         3
 Ignite Poison            Fire/Tmut/Pois 0%         N/A       86%         3
 Kindle Blastsparks       Fire/Tloc/Air  0%         2d10      86%         3
 Dispel Undead            Necr           0%         3d6       99%         4
 Freezing Cloud           Conj/Ice/Air   0%         6-21      100%        5


Dungeon Overview and Level Annotations

Branches:
Dungeon (1/1)

Altars:
Cheibriados
Dithmenos
Elyvilon
Fedhas
Gozag
Hepliaklqana
Kikubaaqudgha
Makhleb
Nemelex Xobeh
Okawaru
Qazlal
Ru
Sif Muna
Trog
Uskayaw
Vehumet
Wu Jian
Xom
Yredelemnul
Zin
The Shining One
Jiyva
Lugonu

Shops:
D =[:!===?:[[![(=

Annotations:
D Lernaean hydra


Innate Abilities, Weirdness & Mutations

You have a pair of horns on your head.
You reflexively headbutt those who attack you in melee.
Your body sometimes deteriorates upon taking damage.
Your magical capacity is low. (-10% MP)
You occasionally lose the ability to drink potions when taking damage.


Message History

The toenail golem closely misses your butterfly.
Your butterfly is engulfed in blazing flames.
You kill your butterfly!
Your butterfly disappears in a burst of colours!
The toenail golem is engulfed in blazing flames.
You can drink potions again.
Your butterfly is engulfed in blazing flames.
You kill your butterfly!
Your butterfly disappears in a burst of colours!
You impale the toenail golem!!
You destroy the toenail golem!
Qazlal accepts your kill.
You start resting.
You feel a little less mighty now.
You impale the iron golem!!
The iron golem is lightly damaged.
You block the iron golem's attack. The iron golem hits you!!
You feel threatened and lose the ability to drink potions!
* * * LOW HITPOINT WARNING * * *
You feel protected from physical attacks.
Unknown command.
You hit the iron golem but do no damage.
You headbutt the iron golem, but do no damage.
The iron golem is lightly damaged.
Unknown command.
You puncture the iron golem! Your headbutt misses the iron golem.
The iron golem is lightly damaged.
The iron golem hits you.
* * * LOW HITPOINT WARNING * * *
You block the iron golem's attack.
Unknown command.
You hit the iron golem but do no damage.
The iron golem is lightly damaged.
You block the iron golem's attack. The iron golem barely misses you.
Unknown command.
You bludgeon the iron golem!!
You headbutt the iron golem, but do no damage.
The iron golem is lightly damaged.
The iron golem completely misses you. The iron golem hits you!!
You die...

~~~~*#)≈§....#.#.°.▓§≈§§§§≈≈▓▓*,,
*+++*####....#.##)|▓▓▓▓▓▓▓▓▓▓▓*+*
,,,,,#..†....#..#:|▓..[...|.▓▓,,,
+**..#.[####9#..#[[▓....)...▓▓,⌠,
*,##.####..'.##.#)"▓.[.....)▓▓,,,
##.#,...#..#...####▓....[...▓▓,,,
#.####..#####..##.#▓.[...(..▓▓,,,
+###.##..#.)'..#..#▓(.......▓▓,,,
.##...#..#..#b.#@.#▓........▓▓,⌠,
<.'##.'..####..##9#▓..).[...▓▓,,,
.##...#....###...##▓▓▓▓▓▓▓'▓▓▓▓+▓
'###.##§.....~~~~~~~~~~~§§...≈≈≈▓
#.####~~.....~#+########'###.≈≈≈▓
#..#~~~§~~~..~#._._._..#§~~##≈≈≈▓
.###~~~~~~~§.~#.._._._.#~§≈≈####▓
'##~~~≈≈§§~~§~#._._._._#~~§§≈##..
~~~~~§~§≈§≈~§~#_._._._.#~~§≈≈≈#..


You could see an iron golem.

Vanquished Creatures
  An electric golem (D)
  A deep elf master archer (D)
  A kraken (D)
  2 sphinxes (D)
  An orc warlord (D)
  A crystal guardian (D)
  A fire dragon (D)
  A great orb of eyes (D)
  An ice dragon (D)
  An iron elemental (D)
  A death yak (D)
  2 hell hogs (D)
  2 death drakes (D)
  2 deep trolls (D)
  An oklob plant (D)
  3 shining eyes (D)
  A merfolk siren (D)
  An ice statue (D)
  3 toenail golems (D)
  2 cane toads (D)
  A yaktaur (D)
  5 polar bears (D)
  A hornet (D)
  12 flying skulls (D)
  2 wyverns (D)
  A vampire mosquito (D)
  Menkaure (D)
  7 water moccasins (D)
  2 swamp drakes (D)
  3 black bears (D)
  4 necrophages (D)
  4 scorpions (D)
  5 tentacles (D)
77 creatures vanquished.

Vanquished Creatures (others)
  2 unseen horrors (D)
  A water moccasin (D)
  14 tentacles (D)
17 creatures vanquished.

Grand Total: 94 creatures vanquished

Notes
Turn   | Place    | Note
-------+----------+-------------------------------------------
     0 | D        | rocky1 the Minotaur Fighter began the quest for the Orb.
     0 | D        | Reached XP level 1. HP: 19/19 MP: 0/0
     1 | D        | Noticed a necrophage
     1 | D        | Noticed a necrophage
     1 | D        | Noticed a necrophage
     1 | D        | Noticed a necrophage
     8 | D        | Killed a necrophage
     9 | D        | Reached skill level 3 in Maces & Flails
     9 | D        | Reached XP level 2. HP: 21/30 MP: 1/1
     9 | D        | Reached XP level 3. HP: 27/37 MP: 2/2
    11 | D        | Killed a necrophage
    12 | D        | Reached XP level 4. HP: 35/47 MP: 3/3
    15 | D        | Killed a necrophage
    16 | D        | Reached skill level 4 in Maces & Flails
    16 | D        | Reached XP level 5. HP: 32/53 MP: 4/4
    20 | D        | Noticed a wyvern
    20 | D        | Noticed a wyvern
    25 | D        | Killed a wyvern
    26 | D        | Reached skill level 5 in Maces & Flails
    26 | D        | Reached skill level 10 in Armour
    26 | D        | Reached XP level 6. HP: 25/66 MP: 5/5
    28 | D        | Killed a wyvern
    29 | D        | Reached skill level 10 in Fighting
    29 | D        | Reached skill level 6 in Maces & Flails
    29 | D        | Reached skill level 10 in Shields
    29 | D        | Reached XP level 7. HP: 29/73 MP: 6/6
    39 | D        | Reached skill level 7 in Maces & Flails
    47 | D        | Noticed a merfolk siren
    58 | D        | Killed a merfolk siren
    59 | D        | Reached skill level 9 in Maces & Flails
    59 | D        | Reached XP level 8. HP: 31/83 MP: 7/7
   229 | D        | Noticed Menkaure
   229 | D        | Noticed a flying skull
   229 | D        | Noticed a flying skull
   230 | D        | Noticed a flying skull
   230 | D        | Noticed a flying skull
   232 | D        | Killed Menkaure
   232 | D        | Noticed a flying skull
   233 | D        | Noticed a flying skull
   235 | D        | Noticed a flying skull
   236 | D        | Noticed a flying skull
   238 | D        | Noticed a flying skull
   241 | D        | Killed a flying skull
   242 | D        | Reached skill level 1 in Dodging
   242 | D        | Noticed a flying skull
   244 | D        | Noticed a flying skull
   244 | D        | Noticed a flying skull
   250 | D        | Killed a flying skull
   256 | D        | Killed a flying skull
   257 | D        | Reached skill level 10 in Maces & Flails
   259 | D        | Killed a flying skull
   264 | D        | Killed a flying skull
   270 | D        | Killed a flying skull
   271 | D        | Reached XP level 9. HP: 17/93 MP: 8/8
   281 | D        | Reached skill level 5 in Dodging
   282 | D        | HP: 3/93 [flying skull (5)]
   568 | D        | Reached skill level 11 in Maces & Flails
  1049 | D        | Found Kiqamidgh's Antique Armour Boutique.
  1049 | D        | Found Moziahy's Book Boutique.
  1049 | D        | Found Ralona Covyl's Armour Boutique.
  1049 | D        | Found Agysyin's Magic Scroll Shop.
  1050 | D        | Found Juluic's Antique Weapon Shop.
  1050 | D        | Found Kaxourad's Antique Armour Shop.
  1050 | D        | Found Ycotiemm's Jewellery Shop.
  1051 | D        | Found Xaeps's Jewellery Shop.
  1051 | D        | Found Xuimu's Distillery.
  1051 | D        | Noticed a polar bear
  1052 | D        | Found Yroshomp's Distillery.
  1157 | D        | Found Peg Yrphez's Jewellery Shop.
  1157 | D        | Found Bouchit's Distillery.
  1157 | D        | Noticed an oklob plant
  1158 | D        | Noticed a polar bear
  1160 | D        | Found Tokyess's Antique Armour Shop.
  1160 | D        | Found Etipnud's Jewellery Boutique.
  1160 | D        | Found Jixzi's Book Shoppe.
  1342 | D        | Bought a potion of invisibility for 88 gold pieces
  1342 | D        | Bought a potion of curing for 33 gold pieces
  1345 | D        | Noticed an ice dragon
  1350 | D        | Bought a pair of embroidered gloves for 180 gold pieces
  1371 | D        | Bought a potion of curing for 30 gold pieces
  1371 | D        | Bought a potion of haste for 100 gold pieces
  1371 | D        | Bought a potion of berserk rage for 50 gold pieces
  1371 | D        | Bought 2 potions of might for 80 gold pieces
  1373 | D        | Bought a potion of heal wounds for 55 gold pieces
  1373 | D        | Bought a potion of heal wounds for 55 gold pieces
  1373 | D        | Bought a potion of curing for 33 gold pieces
  1373 | D        | Bought 2 potions of invisibility for 176 gold pieces
  1373 | D        | Bought a potion of heal wounds for 55 gold pieces
  1509 | D        | Found a glowing silver altar of Zin.
  1510 | D        | Found a glowing golden altar of the Shining One.
  1510 | D        | Found a basalt altar of Yredelemnul.
  1510 | D        | Found a hide-covered altar of Uskayaw.
  1511 | D        | Found a shimmering altar of Xom.
  1511 | D        | Found a bloodstained altar of Trog.
  1511 | D        | Found a radiant altar of Vehumet.
  1511 | D        | Found a burning altar of Makhleb.
  1512 | D        | Found an ornate altar of the Wu Jian Council.
  1512 | D        | Found a shimmering blue altar of Sif Muna.
  1512 | D        | Found a corrupted altar of Lugonu.
  1513 | D        | Found a sacrificial altar of Ru.
  1513 | D        | Found an ancient bone altar of Kikubaaqudgha.
  1513 | D        | Found a white marble altar of Elyvilon.
  1514 | D        | Found a stormy altar of Qazlal.
  1514 | D        | Found a viscous altar of Jiyva.
  1514 | D        | Found a shadowy altar of Dithmenos.
  1515 | D        | Found a hazy altar of Hepliaklqana.
  1515 | D        | Found a snail-covered altar of Cheibriados.
  1516 | D        | Noticed a polar bear
  1516 | D        | Noticed a polar bear
  1517 | D        | Noticed a yaktaur
  1531 | D        | Killed a polar bear
  1532 | D        | Reached skill level 12 in Maces & Flails
  1541 | D        | Killed a polar bear
  1542 | D        | Noticed a polar bear
  1552 | D        | Killed a polar bear
  1553 | D        | Reached skill level 13 in Maces & Flails
  1553 | D        | Reached XP level 10. HP: 36/103 MP: 9/9
  1565 | D        | Reached skill level 14 in Maces & Flails
  1743 | D        | Found a sparkling altar of Nemelex Xobeh.
  1743 | D        | Found a blossoming altar of Fedhas.
  1744 | D        | Found an iron altar of Okawaru.
  1744 | D        | Found an opulent altar of Gozag.
  1783 | D        | Became a worshipper of Qazlal Stormbringer
  1794 | D        | Noticed a death drake
  1842 | D        | Killed a death drake
  1843 | D        | Noticed a crystal guardian
  1844 | D        | Noticed a death drake
  1859 | D        | Killed a crystal guardian
  1859 | D        | Reached * piety under Qazlal
  1860 | D        | Reached skill level 15 in Maces & Flails
  2067 | D        | Killed a death drake
  2268 | D        | Noticed a death yak
  2276 | D        | Killed a death yak
  2276 | D        | Reached ** piety under Qazlal
  2277 | D        | Reached skill level 15 in Fighting
  2277 | D        | Reached skill level 15 in Armour
  2303 | D        | Noticed a cane toad
  2303 | D        | Noticed a cane toad
  2306 | D        | Killed a cane toad
  2310 | D        | Killed a cane toad
  2322 | D        | Noticed a deep elf master archer
  2350 | D        | Noticed a fire dragon
  2380 | D        | Killed a fire dragon
  2380 | D        | Reached *** piety under Qazlal
  2381 | D        | Reached skill level 15 in Shields
  2381 | D        | Reached skill level 5 in Invocations
  2381 | D        | Reached XP level 11. HP: 11/113 MP: 13/13
  2759 | D        | Killed a deep elf master archer
  2760 | D        | Reached skill level 16 in Maces & Flails
  2901 | D        | Noticed a kraken
  3117 | D        | Killed a kraken
  3118 | D        | Reached skill level 10 in Dodging
  3546 | D        | Bought a potion of flight for 33 gold pieces
  3556 | D        | Bought a scroll of identify for 26 gold pieces
  3556 | D        | Bought a scroll of identify for 26 gold pieces
  3556 | D        | Bought a scroll of silence for 123 gold pieces
  3559 | D        | Identified 2 scrolls of acquirement
  3564 | D        | Acquired 1267 gold pieces
  3568 | D        | Acquired 1002 gold pieces
  3576 | D        | Bought a potion of degeneration for 10 gold pieces
  3615 | D        | Bought a +6 ring of strength for 432 gold pieces
  3618 | D        | Bought a potion of mutation for 80 gold pieces
  3618 | D        | Bought a potion of lignification for 30 gold pieces
  3618 | D        | Bought a potion of brilliance for 40 gold pieces
  3618 | D        | Bought a potion of attraction for 30 gold pieces
  3625 | D        | Bought a scroll of enchant weapon for 97 gold pieces
  3625 | D        | Bought a scroll of enchant weapon for 97 gold pieces
  3631 | D        | Bought a potion of ambrosia for 88 gold pieces
  3631 | D        | Bought a potion of might for 44 gold pieces
  3633 | D        | Bought a potion of resistance for 100 gold pieces
  3633 | D        | Bought a potion of invisibility for 80 gold pieces
  3643 | D        | Bought a pair of boots for 117 gold pieces
  3643 | D        | Bought an embroidered cloak for 195 gold pieces
  3655 | D        | Bought the +4 ring mail of the Realm of Zot {rF+ Regen+
                  | Int+3 Dex-4} for 502 gold pieces
  3674 | D        | Bought an amulet of the acrobat for 300 gold pieces
  3681 | D        | Bought a ring of poison resistance for 260 gold pieces
  3738 | D        | Noticed an orc warlord
  3761 | D        | Noticed the 27-headed Lernaean hydra
  3783 | D        | Killed an ice dragon
  3828 | D        | Reached **** piety under Qazlal
  3851 | D        | Killed an oklob plant
  3976 | D        | Killed an orc warlord
  4020 | D        | Reached skill level 17 in Maces & Flails
  4179 | D        | Found Inep's Jewellery Boutique.
  4180 | D        | Identified the +1 ring mail "Tustu" {-Cast rN+ Str+4}
  4197 | D        | Identified the +5 ring mail of Absence {Will+}
  4348 | D        | Noticed a deep troll
  4348 | D        | Noticed a deep troll
  4375 | D        | Killed a deep troll
  4375 | D        | Reached ***** piety under Qazlal
  4376 | D        | Killed a deep troll
  4573 | D        | Noticed a sphinx
  4573 | D        | Noticed a sphinx
  4574 | D        | Paralysed by a sphinx for 3 turns
  4582 | D        | Paralysed by a sphinx for 4 turns
  4585 | D        | Killed a sphinx
  4586 | D        | Reached XP level 12. HP: 73/125 MP: 14/17
  4595 | D        | Killed a sphinx
  4688 | D        | Noticed a hell hog
  4688 | D        | Noticed an iron elemental
  4688 | D        | Noticed a hell hog
  4688 | D        | Noticed a great orb of eyes
  4696 | D        | Killed a great orb of eyes
  4700 | D        | Killed a hell hog
  4707 | D        | Killed a hell hog
  4708 | D        | Reached skill level 18 in Maces & Flails
  4710 | D        | Gained mutation: You occasionally lose the ability to drink
                  | potions when taking damage. [a shining eye]
  4720 | D        | Gained mutation: Your magical capacity is low. (-10% MP) [a
                  | shining eye]
  4722 | D        | Gained mutation: Your body sometimes deteriorates upon
                  | taking damage. [a shining eye]
  4728 | D        | Killed an iron elemental
  4728 | D        | Reached ****** piety under Qazlal
  4767 | D        | Identified the +2 helmet "Miziw" {rCorr}
  4818 | D        | Noticed an electric golem
  4818 | D        | Noticed an iron golem
  4826 | D        | HP: 6/127 [electric golem/bolt of lightning (25)]
  4827 | D        | Killed an electric golem
  4866 | D        | Demolished by an iron golem

Illustrated notes

Levels and vault maps discovered:
D:        the_violet_keep_of_menkaure [sprint2_stairs_cluster_1,
          sprint2_shoproom, sprint2_temple, sprint2_basic_supplies,
          sprint2_obstacle_1, sprint2_obstacle_7, sprint2_obstacle_4,
          sprint2_obstacle_2, sprint2_obstacle_6, sprint2_timed_cluster_1,
          sprint2_smallroom_cluster_1, sprint2_smallroom_final_cluster_1,
          sprint2_transparent_cluster_1, sprint2_second_timed_cluster_1,
          sprint2_sniper_area_1, sprint2_heavy_combat_area_1,
          sprint2_mutation_trap_area_1, sprint2_forest_area_1,
          sprint2_light_combat_area_1, sprint2_behind_water_1,
          sprint2_near_end_vault_1]

Skill      XL: |  1  2  3  4  5  6  7  8  9 10 11 12 |
---------------+-------------------------------------+-----
Fighting       | 6 7 8 9 10 12 13 14 15 17 | 17.8
Maces & Flails | 3 4 5 6 9 10 13 15 17 18 | 18.2
Armour         | 6 7 8 10 11 13 14 15 17 | 17.7
Shields        | 6 7 8 9 10 11 12 13 15 16 17 | 17.5
Dodging        | 4 7 9 11 12 | 12.6
Invocations    | 5 8 11 | 11.4

Action                   |  1- 3 |  4- 6 |  7- 9 | 10-12 || total
-------------------------+-------+-------+-------+-------++-------
Melee: Flail             |     8 |    13 |   162 |   270 ||   453
       Headbutt          |     2 |     2 |    29 |    75 ||   108
       Morningstar       |       |       |       |    14 ||    14
Invok: Upheaval          |       |       |       |    14 ||    14
       Disaster Area     |       |       |       |     1 ||     1
  Use: Potion            |     2 |       |     3 |    12 ||    17
       Scroll            |       |       |     1 |    11 ||    12
Armor: Scale mail        |     3 |     4 |    60 |    24 ||    91
       Ring mail         |       |       |       |    82 ||    82
       Fire dragon scale |       |       |       |    13 ||    13
Dodge: Dodged            |     1 |     1 |    74 |   136 ||   212
Block: Buckler           |       |     1 |    50 |   109 ||   160

Table legend: (Time is in decaauts)
 A = Elapsed time spent in this place.
 B = Non-inter-level travel time spent in this place.
 C = Inter-level travel time spent in this place.
 D = Time resting spent in this place.
 E = Time spent auto-exploring this place.
 F = Levels seen in this place.
 G = Mean time per level.
                   A        B        C        D        E       F      G
               +--------+--------+--------+--------+--------+-----+--------+
         Total |   4932 |   4932 |      0 |   3127 |      0 |   1 | 4932.0 |
       Dungeon |   4932 |   4932 |      0 |   3127 |      0 |   1 | 4932.0 |
               +--------+--------+--------+--------+--------+-----+--------+

Top non-repeatable levels by time:
       D: 4932 daAuts
